 Dungeon Crawl Stone Soup version 0.24.0-123-gd5b16e6ec5 (webtiles) character file.

Game seed: 4328113595042754239, levelgen mode: deterministic

1467 FishyPogo the Cutter (level 8, -17/73 HPs)
             Began as a Gnoll Chaos Knight on Jan 27, 2020.
             Was a Plaything of Xom.
             Demolished by a +0 hand axe of flaming (20 damage)
             ... animated by Xom
             ... on level 6 of the Dungeon.
             The game lasted 00:19:23 (5937 turns).

FishyPogo the Cutter (Gnoll Chaos Knight)           Turns: 5937, Time: 00:19:24

Health: -17/73     AC:  6    Str: 16    XL:     8   Next: 77%
Magic:  13/13      EV: 14    Int: 22    God:    Xom [*.....]
Gold:   441        SH:  0    Dex: 18    Spells: 14/14 levels left

rFire    . . .     SeeInvis .   f - +1 short sword (flame)
rCold    + . .     Gourm    .   (no shield)
rNeg     . . .     Faith    .   b - +2 leather armour
rPois    .         Spirit   .   (no helmet)
rElec    .         Reflect  .   t - scarf {cloud immunity}
rCorr    .         Harm     .   (no gloves)
MR       .....                  C - +0 pair of boots
Stlth    ++........             (no amulet)
HPRegen  0.22/turn              i - +2 ring of intelligence
MPRegen  0.13/turn              G - ring of protection from cold

@: drained
A: distributed training, fangs 1, agile 2, clever 2, robust 1, strong nose
a: Renounce Religion


You were on level 6 of the Dungeon.
You worshipped Xom.
You were a special plaything of Xom.
You were very hungry.

You visited 1 branch of the dungeon, and saw 6 of its levels.
You also visited: Sewer and Ossuary.

You collected 441 gold pieces.

Inventory:

Hand Weapons
 a - a +0 short sword of chaos
 f - a +1 short sword of flaming (weapon)
Missiles
 g - 122 stones (quivered)
 p - 10 curare-tipped darts
 r - 19 poisoned darts
 v - 14 boomerangs
 D - 3 javelins
Armour
 b - a +2 leather armour (worn)
 t - a scarf of cloud immunity (worn)
 C - a +0 pair of boots (worn)
Jewellery
 i - a +2 ring of intelligence (left hand)
 w - an uncursed ring of stealth
 G - a ring of protection from cold (right hand)
Wands
 x - a wand of scattershot (6)
 y - a wand of random effects (11)
 A - a wand of digging (5)
 E - a wand of polymorph (8)
Scrolls
 d - 4 scrolls of fear {unknown}
 e - 12 scrolls of teleportation {unknown}
 h - 3 scrolls of identify
 k - a scroll of enchant armour {unknown}
 m - 5 scrolls of remove curse
 n - a scroll of blinking
 o - a scroll of enchant weapon
 u - a scroll of noise {unknown}
 F - a scroll of vulnerability {unknown}
Potions
 j - a potion of cancellation
 l - 2 potions of brilliance
 q - 3 potions of curing
 s - 3 potions of agility
 z - a potion of flight
 B - a potion of magic
 I - a potion of haste
Comestibles
 c - 16 rations


   Skills:
 + Level 7.5(6.4) Fighting
 + Level 7.5(6.4) Short Blades
 + Level 3.5(2.5) Long Blades
 + Level 3.5(2.5) Axes
 + Level 3.5(2.5) Maces & Flails
 + Level 3.5(2.5) Polearms
 + Level 3.5(2.5) Staves
 + Level 3.5(2.5) Slings
 + Level 3.5(2.5) Bows
 + Level 3.5(2.5) Crossbows
 + Level 3.5(2.5) Throwing
 + Level 5.8(4.8) Armour
 + Level 4.4(3.4) Dodging
 + Level 3.5(2.5) Stealth
 + Level 3.5(2.5) Shields
 + Level 3.5(2.5) Unarmed Combat
 + Level 3.5(2.5) Spellcasting
 + Level 2.8(1.9) Conjurations
 + Level 2.8(1.9) Hexes
 + Level 2.8(1.9) Charms
 + Level 2.8(1.9) Summonings
 + Level 2.8(1.9) Necromancy
 + Level 2.8(1.9) Translocations
 + Level 2.8(1.9) Transmutations
 + Level 2.8(1.9) Fire Magic
 + Level 2.8(1.9) Ice Magic
 + Level 2.8(1.9) Air Magic
 + Level 2.8(1.9) Earth Magic
 + Level 2.8(1.9) Poison Magic
 + Level 3.8(2.9) Invocations
 + Level 3.5(2.5) Evocations


You had 14 spell levels left.
You didn't know any spells.
Your spell library was empty.

Dungeon Overview and Level Annotations

Branches:
Dungeon (6/15)             Temple (0/1) D:6           Sewer (visited)
Ossuary (visited)

Altars:
Ashenzari
Gozag
Hepliaklqana
Okawaru
Ru
Xom
Zin

Shops:
D:5 (   D:6 !

Annotations:
D:4 1 runed translucent door, tamionv's ghost, novice FoFi


Innate Abilities, Weirdness & Mutations

Your experience applies equally to all skills.
You have very sharp teeth.
Your uncanny sense of smell can sniff out nearby items.
You are very agile. (Dex +4)
Your mind is very acute. (Int +4)
You are robust. (+10% HP)


Message History

* * * LOW HITPOINT WARNING * * *
The +0 hand axe of flaming burns you.
* * * LOW HITPOINT WARNING * * *
You closely miss the +0 hand axe of flaming.
The +0 hand axe of flaming is lightly damaged.
The +0 hand axe of flaming hits you!
* * * LOW HITPOINT WARNING * * *
The +0 hand axe of flaming burns you.
* * * LOW HITPOINT WARNING * * *
You hit the +0 hand axe of flaming but do no damage.
The +0 hand axe of flaming is lightly damaged.
The +0 hand axe of flaming hits you but does no damage.
You closely miss the +0 hand axe of flaming.
The +0 hand axe of flaming is lightly damaged.
The +0 hand axe of flaming hits you but does no damage.
You hit the +0 hand axe of flaming but do no damage.
The +0 hand axe of flaming is lightly damaged.
The +0 hand axe of flaming hits you!!
You die...
Xom titters!

#.#≈ ≈*,>..............#......#..
..#≈≈≈*,,.#####...#.##...........
..#≈≈ * *##≈≈≈#...#.##...........
..#≈ ≈≈≈≈≈≈≈≈≈#...#.##.......###.
..#≈≈≈≈ ≈≈≈ ≈≈#..........##...#**
..#≈≈≈≈≈≈≈≈ ≈#..##......#^...##
..#############.###....#....##.#
................#.....####.....##
..........###..(@......##.......#
#.#.......####..).....(.........#
####.......###...(........##...##
#.....................).###..#
#...............(........#....
####..........................#
###.##.............#.(##......[..
#.#..#................##......###
........##.....................##


You could see a +0 hand axe of flaming.

Vanquished Creatures
  Sigmund (D:5)
  Duvessa (D:4)
  Purgy (Sewer)
  A sky beast (D:5)
  A centaur (D:6)
  An ogre (D:4)
  A bullfrog (D:6)
  Dowan (D:4)
  3 wights (D:6)
  A crimson imp (D:5)
  An orc wizard (D:6)
  4 worker ants
  8 mummies (Ossuary)
  5 adders
  4 gnolls
  A shadow imp (D:5)
  A white imp (D:5)
  An ooze (D:5)
  A worm (D:2)
  An adder skeleton (D:5)
  2 dart slugs
  7 leopard geckos
  7 orcs
  A ball python (D:1)
  4 bats
  6 giant cockroaches
  3 gnoll zombies (Ossuary)
  3 goblins
  7 hobgoblins
  6 jackals
  6 kobolds
  2 quokkas
  6 frilled lizards
  A kobold zombie (Ossuary)
  A leopard gecko zombie (D:6)
  4 orc zombies (Ossuary)
  7 rats
112 creatures vanquished.

Vanquished Creatures (collateral kills)
  An orc warrior (D:6)
  A wyvern skeleton (D:6)
  A scorpion (D:6)
  An orc priest (D:6)
4 creatures vanquished.

Grand Total: 116 creatures vanquished

Notes
Turn   | Place    | Note
-------+----------+-------------------------------------------
     0 | D:1      | FishyPogo the Gnoll Chaos Knight began the quest for the
                  | Orb.
     0 | D:1      | Reached XP level 1. HP: 23/23 MP: 1/1
    41 | D:1      | XOM: smoke on damage
   235 | D:1      | XOM is BORED!
   235 | D:1      | XOM: harmless Tloc miscast
   276 | D:1      | Reached XP level 2. HP: 29/29 MP: 2/2
   287 | D:1      | XOM: divination: detect creatures
   782 | D:1      | XOM: harmless Hex miscast
   794 | D:1      | XOM: harmless Fire miscast
   888 | D:1      | XOM is BORED!
   888 | D:1      | XOM: give mutations
   888 | D:1      | Gained mutation: You are agile. (Dex +2) [Xom's mischief]
   888 | D:1      | Gained mutation: You occasionally shout uncontrollably at
                  | your foes. [Xom's mischief]
  1052 | D:2      | XOM: fog
  1056 | D:2      | XOM: 3-stop teleportation journey
  1244 | D:2      | Reached XP level 3. HP: 35/35 MP: 3/3
  1328 | D:2      | Reached skill level 1 in Invocations
  1429 | D:2      | Reached skill level 1 in Long Blades
  1429 | D:2      | Reached skill level 1 in Axes
  1429 | D:2      | Reached skill level 1 in Maces & Flails
  1429 | D:2      | Reached skill level 1 in Polearms
  1429 | D:2      | Reached skill level 1 in Staves
  1429 | D:2      | Reached skill level 1 in Slings
  1429 | D:2      | Reached skill level 1 in Bows
  1429 | D:2      | Reached skill level 1 in Crossbows
  1429 | D:2      | Reached skill level 1 in Throwing
  1429 | D:2      | Reached skill level 1 in Stealth
  1429 | D:2      | Reached skill level 1 in Shields
  1429 | D:2      | Reached skill level 1 in Unarmed Combat
  1429 | D:2      | Reached skill level 1 in Spellcasting
  1429 | D:2      | Reached skill level 1 in Evocations
  1429 | D:2      | Reached XP level 4. HP: 27/41 MP: 5/5
  2031 | D:2      | XOM: medium Fire miscast
  2245 | D:3      | Found a glowing drain.
  2260 | D:3      | Reached skill level 1 in Conjurations
  2260 | D:3      | Reached skill level 1 in Hexes
  2260 | D:3      | Reached skill level 1 in Charms
  2260 | D:3      | Reached skill level 1 in Summonings
  2260 | D:3      | Reached skill level 1 in Necromancy
  2260 | D:3      | Reached skill level 1 in Translocations
  2260 | D:3      | Reached skill level 1 in Transmutations
  2260 | D:3      | Reached skill level 1 in Fire Magic
  2260 | D:3      | Reached skill level 1 in Ice Magic
  2260 | D:3      | Reached skill level 1 in Air Magic
  2260 | D:3      | Reached skill level 1 in Earth Magic
  2260 | D:3      | Reached skill level 1 in Poison Magic
  2278 | Sewer    | Entered a sewer
  2394 | Sewer    | Noticed Purgy
  2413 | Sewer    | Killed Purgy
  2413 | Sewer    | Reached XP level 5. HP: 16/47 MP: 5/7
  2774 | D:3      | Found a sacrificial altar of Ru.
  2776 | D:3      | Found an opulent altar of Gozag.
  2777 | D:3      | Found a shattered altar of Ashenzari.
  2778 | D:3      | Found a glowing silver altar of Zin.
  2779 | D:3      | Found a hazy altar of Hepliaklqana.
  3071 | D:3      | XOM: draining
  3169 | D:4      | Noticed Dowan
  3169 | D:4      | Noticed Duvessa
  3173 | D:4      | XOM: swap monsters
  3179 | D:4      | XOM: 2-stop teleportation journey
  3235 | D:4      | XOM: give mutation
  3235 | D:4      | Gained mutation: Your body sometimes deteriorates upon
                  | taking damage. [Xom's mischief]
  3245 | D:4      | Found an iron altar of Okawaru.
  3311 | D:4      | XOM: harmless Ice miscast
  3316 | D:4      | Killed Duvessa
  3316 | D:4      | Reached XP level 6. HP: 47/53 MP: 8/8
  3333 | D:4      | Killed Dowan
  3333 | D:4      | Reached skill level 5 in Armour
  3435 | D:4      | Reached XP level 7. HP: 59/59 MP: 10/10
  3472 | D:4      | XOM: swap monsters
  3524 | D:4      | Found a runed translucent door.
  3530 | D:4      | Noticed tamionv's ghost (novice FoFi)
  3550 | D:4      | XOM: mild Fire miscast
  3864 | D:4      | XOM: smoke on damage
  3916 | D:5      | Entered Level 5 of the Dungeon
  3948 | D:5      | XOM: harmless Tloc miscast
  4024 | D:5      | Found a sand-covered staircase.
  4030 | Ossuary  | Entered an ossuary
  4040 | Ossuary  | XOM: noise
  4041 | Ossuary  | Lost mutation: You are agile. (Dex +2) [potion of mutation]
  4041 | Ossuary  | Lost mutation: You occasionally shout uncontrollably at
                  | your foes. [potion of mutation]
  4041 | Ossuary  | Lost mutation: Your body sometimes deteriorates upon taking
                  | damage. [potion of mutation]
  4041 | Ossuary  | Gained mutation: You are robust. (+10% HP) [potion of
                  | mutation]
  4041 | Ossuary  | Gained mutation: You are agile. (Dex +2) [potion of
                  | mutation]
  4142 | Ossuary  | XOM: confusion (+ monsters)
  4145 | Ossuary  | XOM: enchant monster (bad)
  4172 | Ossuary  | XOM: 8-stop teleportation journey
  4372 | Ossuary  | XOM: smoke on damage
  4436 | D:5      | XOM: potion effect (brilliance)
  4447 | D:5      | XOM: polymorph crimson imp -> white imp
  4531 | D:5      | XOM: cloud trail
  4673 | D:5      | XOM: summons friendly crimson imp
  4689 | D:5      | Found Leuteng's Antique Weapon Shoppe.
  4915 | D:5      | Noticed Sigmund
  4922 | D:5      | Killed Sigmund
  4922 | D:5      | Reached XP level 8. HP: 67/73 MP: 12/12
  4971 | D:5      | XOM: give mutations
  4971 | D:5      | Gained mutation: You are very agile. (Dex +4) [Xom's grace]
  4971 | D:5      | Gained mutation: Your mind is acute. (Int +2) [Xom's grace]
  4971 | D:5      | Gained mutation: Your mind is very acute. (Int +4) [Xom's
                  | grace]
  4974 | D:6      | XOM: polymorph centaur -> scorpion
  4980 | D:6      | XOM: summons friendly shadow imp
  5510 | D:6      | Found Paxkoryt's Distillery.
  5550 | D:6      | XOM: scenery: create altars
  5566 | D:6      | XOM: divination: magic mapping
  5756 | D:6      | XOM: enchant monster (good)
  5792 | D:6      | XOM: enchant monster (bad)
  5798 | D:6      | XOM: divination: detect items
  5934 | D:6      | HP: 3/73 [+0 hand axe of flaming[Xom] (2)]
  5937 | D:6      | Demolished by a +0 hand axe of flaming

Levels and vault maps discovered:
D:1:      psy_arrival_radial01, layout_loops_corners, serial_bayou_pond_d,
          bh_walls_and_bars
D:2:      cheibrodos_old_hovel, layout_basic, first_ration,
          minmay_misc_feat_columns
D:3:      layout_basic, grunt_temple_overflow_open, gup_sewer_entry_pipe,
          minmay_misc_feat_four_crosses
D:4:      layout_cave_pools, ebering_ghost_sewer_d, okawaru_trees_1,
          uniq_duvessa
D:5:      layout_basic, serial_shops, shop, nicolae_ossuary_entry_ruins,
          uniq_sigmund
D:6:      layout_cave_pools, minmay_temple_entry_poolview, serial_shops, shop

Skill      XL: |  1  2  3  4  5  6  7  8 |
---------------+-------------------------+-----
Invocations    | 1 2 3 |  3.8
Long Blades    | 1 2 3 |  3.5
Axes           | 1 2 3 |  3.5
Maces & Flails | 1 2 3 |  3.5
Polearms       | 1 2 3 |  3.5
Staves         | 1 2 3 |  3.5
Slings         | 1 2 3 |  3.5
Bows           | 1 2 3 |  3.5
Crossbows      | 1 2 3 |  3.5
Throwing       | 1 2 3 |  3.5
Stealth        | 1 2 3 |  3.5
Shields        | 1 2 3 |  3.5
Unarmed Combat | 1 2 3 |  3.5
Spellcasting   | 1 2 3 |  3.5
Evocations     | 1 2 3 |  3.5
Conjurations   | 1 2 |  2.8
Hexes          | 1 2 |  2.8
Charms         | 1 2 |  2.8
Summonings     | 1 2 |  2.8
Necromancy     | 1 2 |  2.8
Translocations | 1 2 |  2.8
Transmutations | 1 2 |  2.8
Fire Magic     | 1 2 |  2.8
Ice Magic      | 1 2 |  2.8
Air Magic      | 1 2 |  2.8
Earth Magic    | 1 2 |  2.8
Poison Magic   | 1 2 |  2.8
Dodging        | 3 4 |  4.4
Armour         | 5 |  5.8
Fighting       | 7 |  7.5
Short Blades   | 7 |  7.5

Action                   |  1- 3 |  4- 6 |  7- 9 || total
-------------------------+-------+-------+-------++-------
Melee: Short sword       |    74 |   149 |   275 ||   498
       Bite              |     9 |    15 |    44 ||    68
       Punch             |       |     1 |     6 ||     7
Throw: Stone             |     8 |     2 |    35 ||    45
       Dart              |       |    10 |     1 ||    11
       Boomerang         |       |       |    12 ||    12
Evoke: Wand              |       |       |     3 ||     3
  Use: Scroll            |       |     4 |     5 ||     9
       Potion            |       |       |     6 ||     6
 Stab: Sleeping          |     1 |     1 |     2 ||     4
       Invisible         |       |       |     8 ||     8
       Confused          |       |       |     2 ||     2
  Eat: Chunk             |     1 |     7 |     7 ||    15
Armor: Leather armour    |    17 |    36 |    34 ||    87
Dodge: Dodged            |    37 |    90 |    98 ||   225
